 Dungeon Crawl Stone Soup version 0.26.1-11-gd32895ea62 (webtiles) character file.

Game seed: 5960549167126759874

6532 Almogavar the Cleaver (level 11, -19/95 HPs)
             Began as a Hill Orc Fighter on May 23, 2021.
             Was a Believer of Makhleb.
             Demolished by a boulder beetle (26 damage)
             ... on level 10 of the Dungeon.
             The game lasted 00:32:10 (10098 turns).

Almogavar the Cleaver (Hill Orc Fighter)           Turns: 10098, Time: 00:32:10

Health: -19/95     AC: 14    Str: 23    XL:     11   Next: 1%
Magic:  20/20      EV: 10    Int: 14    God:    Makhleb [**....]
Gold:   696        SH: 11    Dex: 12    Spells: 10/10 levels left

rFire    + . .     SeeInvis .   a - +0 war axe
rCold    + . .     Faith    .   c - +0 kite shield
rNeg     . . .     Spirit   .   b - +0 scale mail
rPois    .         Reflect  .   (no helmet)
rElec    .         Harm     .   I - +2 cloak
rCorr    .         Rampage  .   z - +0 pair of gloves
Will     .....                  N - +0 pair of boots
Stlth    ..........             n - amulet of regeneration
HPRegen  0.65/turn              U - ring of Luloddit {Int+6 Dex+2}
MPRegen  0.17/turn              A - ring of Incredulity {rF+ rC+ MP+9}

@: about to teleport
A: no striking features
a: Renounce Religion, Minor Destruction


You were on level 10 of the Dungeon.
You worshipped Makhleb.
Makhleb was pleased with you.
You visited 2 branches of the dungeon, and saw 11 of its levels.
You also visited: Sewer.

You collected 696 gold pieces.

Inventory:

Hand Weapons
 a - a +0 war axe (weapon)
 R - a cursed +0 battleaxe
 V - a +1 trident of freezing
Missiles
 j - 11 javelins
 o - 100 bolts
 p - 54 poisoned darts (quivered)
 s - 3 boomerangs
Armour
 b - a +0 scale mail (worn)
 c - a +0 kite shield (worn)
 z - a +0 pair of gloves (worn)
 B - a +0 chain mail
 I - a +2 cloak (worn)
 N - a +0 pair of boots (worn)
Magical Staves
 C - an uncursed staff of earth
 J - an uncursed staff of death
Jewellery
 h - an uncursed ring of willpower
 l - an uncursed ring of magical power
 n - an amulet of regeneration (around neck)
 y - an uncursed ring of protection from cold
 A - the ring of Incredulity (right hand) {rF+ rC+ MP+9}
   (You found it in a sewer)

   [ring of protection from cold]

   It protects you from fire.
   It protects you from cold.
   It affects your magic capacity (+9).
 E - an uncursed ring of flight
 U - the ring of Luloddit (left hand) {Int+6 Dex+2}
   (You found it on level 10 of the Dungeon)

   [ring of intelligence]

   It affects your intelligence (+6).
   It affects your dexterity (+2).
Wands
 q - a wand of disintegration (30)
 D - a wand of acid (8)
 G - a wand of enslavement (8)
 H - a wand of iceblast (16)
 M - a wand of random effects (15)
 P - a wand of polymorph (16)
Scrolls
 f - 10 scrolls of remove curse
 k - 7 scrolls of teleportation
 m - 4 scrolls of amnesia
 u - 3 scrolls of enchant armour
 v - a scroll of magic mapping
 x - a scroll of fear
 F - a scroll of fog
 K - 3 scrolls of enchant weapon
Potions
 e - 3 potions of heal wounds
 g - 5 potions of curing
 i - 2 potions of invisibility
 r - 3 potions of haste
 t - 2 potions of flight
 w - a potion of lignification
 L - a potion of resistance
 O - a potion of cancellation
 Q - a potion of attraction {unknown}
Miscellaneous
 d - a phantom mirror
 S - a condenser vane
 T - a tin of tremorstones (2/2)


   Skills:
 + Level 8.6 Fighting
 + Level 13.2 Axes
 + Level 8.3 Armour
 + Level 3.4 Dodging
 + Level 8.5 Shields


You had 10 spell levels left.
You didn't know any spells.
Your spell library contained the following spells:

 Spells                   Type           Power        Failure   Level
 Corona                   Hex            0%           83%         1
 Shock                    Conj/Air       0%           83%         1
 Ensorcelled Hibernation  Hex/Ice        0%           92%         2
 Swiftness                Air            0%           92%         2
 Confusing Touch          Hex            0%           99%         3
 Dazzling Flash           Conj/Hex       0%           99%         3
 Static Discharge         Conj/Air       0%           99%         3
 Tukima's Dance           Hex            0%           99%         3
 Airstrike                Air            0%           100%        4
 Lightning Bolt           Conj/Air       0%           100%        5


Dungeon Overview and Level Annotations

Branches:
Dungeon (10/15)            Temple (1/1) D:6           Sewer (visited)
   Lair: D:8-11         Orc: D:9-12

Altars:
Ashenzari
Cheibriados
Dithmenos
Elyvilon
Fedhas
Gozag
Hepliaklqana
Kikubaaqudgha
Makhleb
Nemelex Xobeh
Okawaru
Qazlal
Ru
Sif Muna
Trog
Uskayaw
Vehumet
Wu Jian
Xom
Yredelemnul
Zin
The Shining One

Shops:
D:5 =   D:6 =*[=

Annotations:
D:9 exclusion: orange crystal statue


Message History

The boulder beetle is lightly wounded.
You slash the boulder beetle!
The boulder beetle is moderately wounded.
The boulder beetle bites you.
You hit the boulder beetle but do no damage.
The boulder beetle is moderately wounded.
The boulder beetle barely misses you.
You hit the boulder beetle.
The boulder beetle is moderately wounded.
The boulder beetle bites you!!
* * * LOW HITPOINT WARNING * * *
Okay, then.
Unknown command.
Unknown command.
As you read the scroll of teleportation, it crumbles to dust.
You feel strangely unstable. The boulder beetle bites you!!
* * * LOW HITPOINT WARNING * * *
The boulder beetle curls into a ball and begins rolling!
The boulder beetle hits you!!
You die...

### ### ###.###+#####'#####+###.
..### #...#[..#.#.....#.....#.
#...### ##..#.#.(.#.⌠.⌠.#.....#.
..#...### #..).....'..8..[.....+.
#####...###..##...##.⌠.⌠.#.....#.
# #.#...#..#..#?.#.....#.....#.
#.###.#..###'#####+#####'###. #.#
#.#..#)....#.....##...##. #.#
#.#..###@#.##....####.##. #.#
#.#..+ #B#.'..#).'#.†##+. #.#
#.#..#.#○###.[..##..#..#. #=#
#.#..#..°..#.)...####..#. #.#
#.#..###°#####'#####'###. #.#
#.#..#(..(.##....#.#...#. #.#
#.#..###.###.######.#..#. #.#
#.#..Z..#.F'#....'.#...+.
#.###.#..###J###.######.#..#.


You could see a boulder beetle.

Vanquished Creatures
  Pikel (D:5)
  Maurice (D:9)
  Joseph (D:9)
  2 trolls
  A slime creature (D:9)
  A wyvern (D:8)
  A wraith (D:10)
  A water moccasin (D:6)
  2 orc warriors
  A necrophage (D:9)
  An ice beast (D:7)
  Purgy (Sewer)
  A black bear (D:9)
  3 sky beasts
  An eye of draining (D:10)
  6 ogres
  2 phantoms (D:10)
  A centaur (D:3)
  2 big kobolds
  5 bullfrogs
  5 scorpions
  4 killer bees
  5 wights
  7 jellies
  2 centaur zombies (D:8)
  5 orc priests
  10 hounds
  6 orc wizards
  2 bullfrog skeletons
  2 centaur skeletons
  2 iguanas
  A worker ant (D:3)
  2 killer bee zombies (D:5)
  A hound zombie (D:6)
  3 hound skeletons
  A worker ant zombie (D:9)
  8 gnolls
  16 adders
  3 shadow imps
  3 white imps
  3 ufetubi (D:5)
  3 oozes
  2 adder skeletons
  2 adder zombies
  3 worms
  A dart slug (D:2)
  12 leopard geckos
  25 orcs
  11 bats
  5 giant cockroaches
  14 goblins
  7 hobgoblins
  16 jackals
  7 quokkas
  5 ball pythons
  5 frilled lizards
  20 kobolds
  8 rats
272 creatures vanquished.

Vanquished Creatures (others)
  42 plants (D:2)
42 creatures vanquished.

Grand Total: 314 creatures vanquished

Notes
Turn   | Place    | Note
-------+----------+-------------------------------------------
     0 | D:1      | Almogavar the Hill Orc Fighter began the quest for the Orb.
     0 | D:1      | Reached XP level 1. HP: 19/19 MP: 1/1
    31 | D:1      | Reached XP level 2. HP: 24/27 MP: 2/2
   345 | D:1      | Reached skill level 3 in Axes
   547 | D:1      | Reached XP level 3. HP: 27/33 MP: 3/3
  1015 | D:2      | Reached XP level 4. HP: 35/40 MP: 4/4
  1075 | D:2      | Reached skill level 4 in Axes
  1662 | D:2      | Reached XP level 5. HP: 46/46 MP: 5/5
  2128 | D:3      | Noticed a centaur
  2150 | D:3      | Killed a centaur
  2151 | D:3      | Reached skill level 5 in Axes
  2214 | D:3      | Reached XP level 6. HP: 53/53 MP: 6/6
  2823 | D:4      | Found a broken altar of Ashenzari.
  2945 | D:4      | Reached skill level 1 in Dodging
  2983 | D:4      | Reached skill level 6 in Axes
  2983 | D:4      | Reached XP level 7. HP: 59/60 MP: 7/7
  2987 | D:4      | Reached skill level 5 in Fighting
  3723 | D:5      | Entered Level 5 of the Dungeon
  3922 | D:5      | Reached skill level 7 in Axes
  3922 | D:5      | Reached skill level 5 in Armour
  3922 | D:5      | Reached skill level 5 in Shields
  4082 | D:5      | Found a shimmering altar of Xom.
  4220 | D:5      | Noticed Pikel
  4226 | D:5      | Killed Pikel
  4227 | D:5      | Reached skill level 8 in Axes
  4227 | D:5      | Reached XP level 8. HP: 58/70 MP: 8/8
  4560 | D:5      | Reached skill level 9 in Axes
  4585 | D:5      | Found Fawir's Jewellery Shop.
  4635 | D:6      | Found Quagiamuk's Armour Boutique.
  4706 | D:6      | Found a glowing drain.
  4720 | D:6      | Reached XP level 9. HP: 61/78 MP: 9/9
  4730 | Sewer    | Entered a sewer
  4903 | Sewer    | Noticed Purgy
  4919 | Sewer    | Killed Purgy
  4933 | Sewer    | Got a vibrating lead ring
  4935 | Sewer    | Identified the ring of Incredulity {rF+ rC+ MP+9} (You
                  | found it in a sewer)
  5042 | D:6      | Found a staircase to the Ecumenical Temple.
  5062 | Temple   | Entered the Ecumenical Temple
  5123 | Temple   | Became a worshipper of Makhleb the Destroyer
  5259 | D:6      | Reached skill level 10 in Axes
  5265 | D:6      | Found Enwenimn's Jewellery Shop.
  5482 | D:6      | Found a stormy altar of Qazlal.
  5483 | D:6      | Found a shimmering blue altar of Sif Muna.
  5483 | D:6      | Found a basalt altar of Yredelemnul.
  5485 | D:6      | Found a shimmering altar of Xom.
  5485 | D:6      | Found an iron altar of Okawaru.
  5568 | D:6      | Found a blossoming altar of Fedhas.
  5623 | D:6      | Found Ziajek's Jewellery Emporium.
  5840 | D:6      | Found a sparkling altar of Nemelex Xobeh.
  5913 | D:6      | Found Yggeg's General Store.
  5959 | D:6      | Found a white marble altar of Elyvilon.
  6251 | D:7      | Reached skill level 11 in Axes
  6841 | D:8      | Reached * piety under Makhleb
  7565 | D:9      | Reached XP level 10. HP: 86/86 MP: 10/10
  7765 | D:9      | Reached skill level 12 in Axes
  7881 | D:9      | Found a radiant altar of Vehumet.
  7931 | D:9      | Noticed an orange crystal statue
  8013 | D:9      | Noticed Joseph
  8017 | D:9      | Noticed Maurice
  8029 | D:9      | Killed Joseph
  8029 | D:9      | Reached ** piety under Makhleb
  8059 | D:9      | Killed Maurice
  8680 | D:10     | Entered Level 10 of the Dungeon
  9648 | D:10     | Noticed a boulder beetle
  9688 | D:10     | Reached skill level 13 in Axes
  9989 | D:10     | Reached XP level 11. HP: 82/95 MP: 11/11
 10043 | D:10     | Got a translucent lapis lazuli ring
 10045 | D:10     | Identified the ring of Luloddit {Int+6 Dex+2} (You found it
                  | on level 10 of the Dungeon)
 10098 | D:10     | Demolished by a boulder beetle

Illustrated notes

Levels and vault maps discovered:
D:1:      lemuel_arrival_hallway, layout_basic, minmay_misc_feat_pillars
D:2:      layout_loops_ring, serial_bayou, serial_bayou_pond_c,
          serial_bayou_lagoon_a, serial_bayou_pond_b, serial_bayou_pond_d,
          minmay_3d_cube
D:3:      layout_basic
D:4:      layout_loops_corners, general_overflow_altar
D:5:      layout_gridville, basic_altar, serial_shops, kennysheep_little_box,
          kennysheep_generic_room_3, uniq_pikel
D:6:      layout_gridville, fedhas_ov_isle_minmay, kennysheep_mini_moat,
          grunt_temple_overflow_open, minmay_temple_entry_drinking_statues,
          portal_sewer_entry_f, serial_shops, nicolae_shop_stone,
          nicolae_shop_stone, nicolae_shop_behind_doors, kennysheep_mini,
          small_statue_intersection, nemelex_diamond_rough_becter
D:7:      layout_basic
D:8:      layout_gridville, serial_glass, glass_columns_b, glass_columns_b,
          glass_columns_b, feat_on_display, minmay_strange_pillars,
          item_on_display_a, minmay_misc_feat_diagonals
D:9:      layout_small_grid, basic_altar, disabler_island, uniq_maurice,
          uniq_joseph
D:10:     minmay_the_grid_square_5x5_3x3 [minmay_the_grid_square_5x5_mess,
          minmay_the_grid_square_5x5_forky, minmay_the_grid_square_5x5_comb,
          minmay_the_grid_square_5x5_shrine1,
          minmay_the_grid_square_5x5_megaprize_crossed,
          minmay_the_grid_square_5x5_three_small,
          minmay_the_grid_square_5x5_dogpile,
          minmay_the_grid_square_5x5_tetrominoes,
          minmay_the_grid_square_5x5_half_checkered], layout_loops_ring,
          nicolae_benzene_ring
Temple:   zaba_magenta_temple

Skill      XL: |  1  2  3  4  5  6  7  8  9 10 |
---------------+-------------------------------+-----
Axes           | 3 4 5 6 8 9 11 13 | 13.2
Fighting       | 4 6 7 8 |  8.6
Shields        | 4 5 7 8 |  8.5
Armour         | 4 5 6 7 8 |  8.3
Dodging        | 1 2 3 |  3.4

Action                   |  1- 3 |  4- 6 |  7- 9 | 10-12 || total
-------------------------+-------+-------+-------+-------++-------
Melee: War axe           |   104 |   267 |   401 |   338 ||  1110
Throw: Dart              |       |       |       |     2 ||     2
  Use: Scroll            |     3 |     2 |    13 |     5 ||    23
       Potion            |       |       |     1 |     2 ||     3
Armor: Scale mail        |    78 |   115 |   129 |    99 ||   421
Dodge: Dodged            |    39 |    97 |   113 |   115 ||   364
Block: Kite shield       |    73 |   149 |   191 |   184 ||   597
